 Dungeon Crawl Stone Soup version 0.25-a0-1056-g2efb326896 (webtiles) character file.

Game seed: 18336414273018111205, levelgen mode: deterministic

354 Lanoc the Shooter (level 6, -3/52 HPs)
             Began as a Ghoul Hunter on May 14, 2020.
             Was an Initiate of Qazlal.
             Slain by a centaur skeleton (4 damage)
             ... on level 4 of the Dungeon.
             The game lasted 00:06:19 (3834 turns).

Lanoc the Shooter (Ghoul Hunter)                    Turns: 3834, Time: 00:06:20

Health: -3/52      AC:  5    Str: 16    XL:     6   Next: 63%
Magic:  6/6        EV: 11    Int:  6    God:    Qazlal [......]
Gold:   242        SH:  0    Dex: 11    Spells: 5/5 levels left

rFire    + . .     SeeInvis .   b - +1 quarterstaff
rCold    + + +     Gourm    .   (shield currently unavailable)
rNeg     + + +     Faith    .   k - +0 ring mail (curse)
rPois    ∞         Spirit   .   (no helmet)
rElec    .         Reflect  .   g - scarf {rC+ rF+}
rCorr    .         Harm     .   (no gloves)
MR       .....                  (no boots)
Stlth    ..........             s - amulet of magic regeneration
HPRegen  0.00/turn              t - ring of attention (curse)
MPRegen  0.35/turn              p - ring of protection from cold

@: about to teleport, stab, rotting
A: rotting body, claws 1, carnivore, cold resistance 1, negative energy
resistance 3, inhibited regeneration, torment resistance, unbreathing
a: Renounce Religion


You were on level 4 of the Dungeon.
You worshipped Qazlal.
Qazlal was noncommittal.
You were not hungry.

You visited 1 branch of the dungeon, and saw 4 of its levels.

You collected 242 gold pieces.

Inventory:

Hand Weapons
 a - a +1 shortbow
 b - a +1 quarterstaff (weapon)
Missiles
 d - 36 arrows
Armour
 g - a scarf of resistance (worn)
 k - a cursed +0 ring mail (worn)
Jewellery
 p - a ring of protection from cold (right claw)
 s - an amulet of magic regeneration (around neck)
 t - a cursed ring of attention (left claw)
 v - an uncursed amulet of regeneration
Scrolls
 c - a scroll of immolation {unknown}
 e - a scroll of enchant weapon
 h - 3 scrolls of enchant armour {unknown}
 j - 7 scrolls of identify
 n - a scroll of magic mapping {unknown}
 q - 2 scrolls of remove curse {unknown}
 r - 3 scrolls of teleportation
Potions
 i - 3 potions of stabbing
 l - 2 potions of heal wounds {unknown}
 m - a potion of degeneration {unknown}
 o - 2 potions of curing {unknown}
 u - a potion of mutation {unknown}
 x - a potion of brilliance
Comestibles
 f - 8 rations
 w - 2 chunks of flesh


   Skills:
 + Level 4.0 Fighting
 * Level 5.4 Bows
 + Level 3.2 Dodging
 - Level 1.1 Stealth
 + Level 1.7 Invocations


You had 5 spell levels left.
You didn't know any spells.
Your spell library was empty.

Dungeon Overview and Level Annotations

Branches:
Dungeon (4/15)
 Temple: D:4-7

Altars:
Ashenzari
Dithmenos
Elyvilon
Gozag
Hepliaklqana
Okawaru
Qazlal
Ru
Sif Muna
Trog
Uskayaw
Vehumet
Wu Jian
Xom


Innate Abilities, Weirdness & Mutations

Your body is rotting away.
You thrive on raw meat.
You are immune to poison.
You have sharp fingernails.
You are carnivorous and can eat meat at any time.
Your flesh is cold resistant. (rC+)
You are immune to negative energy. (rN+++)
You do not regenerate when monsters are visible.
You are immune to unholy pain and torment.
You can survive without breathing.


Message History

* * * LOW HITPOINT WARNING * * *
It was a potion of stabbing.
You feel ready to backstab.
The centaur skeleton closely misses you.
As you read the scroll labeled HIUHA ZIRGH, it crumbles to dust.
It is a scroll of identify.
x - a potion of brilliance The centaur skeleton hits you.
* * * LOW HITPOINT WARNING * * *
The centaur skeleton hits you but does no damage.
As you read the scroll labeled YTOMUP PIFULE, it crumbles to dust.
It is a scroll of enchant weapon.
Your +0 quarterstaff glows red for a moment.
The centaur skeleton barely misses you.
As you read the scroll labeled SYDELU CATIULILE, it crumbles to dust.
You feel strangely unstable.
It was a scroll of teleportation.
The centaur skeleton hits you.
* * * LOW HITPOINT WARNING * * *
The centaur skeleton hits you.
You die...

#. #. #. #.# #.
##.#### #. #.....# #.
#.....#############.
+[....'............>
#.....#############.
#_(@..'.....# #.
#.Z...#####.# #.
####........# #.
#..†##......# #.
#######...##......# #.
.....%..........(.....
.
.......[........(.._(%
.....................(
!.............(..((..(


You could see a centaur skeleton.

Vanquished Creatures
  A phantom (D:4)
  An orc priest (D:3)
  A bullfrog skeleton (D:4)
  An orc wizard (D:4)
  A worker ant (D:4)
  7 adders
  2 oozes
  2 worms
  4 leopard geckos
  7 orcs
  2 ball pythons (D:1)
  6 bats
  A giant cockroach (D:2)
  10 goblins
  7 hobgoblins
  9 jackals
  A quokka (D:4)
  5 frilled lizards
  7 kobolds
  9 rats
84 creatures vanquished.

Notes
Turn   | Place    | Note
-------+----------+-------------------------------------------
     0 | D:1      | Lanoc the Ghoul Hunter began the quest for the Orb.
     0 | D:1      | Reached XP level 1. HP: 17/17 MP: 0/0
   218 | D:1      | Reached XP level 2. HP: 25/25 MP: 1/1
   430 | D:1      | Reached skill level 4 in Bows
   629 | D:1      | Reached XP level 3. HP: 28/30 MP: 2/2
  1291 | D:2      | Found a shadowy altar of Dithmenos.
  1457 | D:2      | Reached XP level 4. HP: 26/37 MP: 3/3
  1710 | D:2      | Found a shattered altar of Ashenzari.
  1710 | D:2      | Found a shimmering blue altar of Sif Muna.
  1736 | D:2      | Found a hide-covered altar of Uskayaw.
  2142 | D:3      | Reached XP level 5. HP: 35/45 MP: 4/4
  2545 | D:3      | Found a stormy altar of Qazlal.
  2552 | D:3      | Became a worshipper of Qazlal Stormbringer
  2720 | D:3      | Found a shimmering altar of Xom.
  2722 | D:3      | Found a radiant altar of Vehumet.
  2722 | D:3      | Found a basalt altar of Yredelemnul.
  2724 | D:3      | Found an opulent altar of Gozag.
  2724 | D:3      | Found an iron altar of Okawaru.
  2724 | D:3      | Found a white marble altar of Elyvilon.
  3298 | D:3      | Found a sacrificial altar of Ru.
  3409 | D:4      | Reached skill level 5 in Bows
  3700 | D:4      | Reached skill level 1 in Invocations
  3700 | D:4      | Reached XP level 6. HP: 45/52 MP: 5/5
  3749 | D:4      | Found an ornate altar of the Wu Jian Council.
  3755 | D:4      | Found a bloodstained altar of Trog.
  3755 | D:4      | Noticed a phantom
  3772 | D:4      | Killed a phantom
  3776 | D:4      | Found a hazy altar of Hepliaklqana.
  3830 | D:4      | HP: 2/52 [centaur skeleton (3)]
  3834 | D:4      | Slain by a centaur skeleton

Illustrated notes

Levels and vault maps discovered:
D:1:      beargit_arrival_greenhouse, layout_basic
D:2:      layout_basic, gammafunk_temple_overflow_forgotten,
          grunt_dithmenos_smoke_and_mirrors
D:3:      layout_loops_ring, doesnt_xom_only_xom, lemuel_doored_altar,
          nicolae_qazlal_eye_of_the_storm
D:4:      layout_basic, overflow_temple_1_default, grunt_temple_overflow_open,
          first_ration, ebering_ghost_sewer_d, uniq_menkaure

Skill      XL: |  1  2  3  4  5  6 |
---------------+-------------------+-----
Dodging        | 2 3 |  3.2
Bows           | 4 5 |  5.4
Fighting       | 3 4 |  4.0
Invocations    | 1 |  1.7
Stealth        | |  1.1

Action                   |  1- 3 |  4- 6 || total
-------------------------+-------+-------++-------
Melee: Short sword       |    78 |       ||    78
       Quarterstaff      |    16 |   158 ||   174
 Fire: Shortbow          |    44 |    47 ||    91
  Use: Scroll            |       |     3 ||     3
       Potion            |       |     1 ||     1
  Eat: Chunk             |     1 |    12 ||    13
       Ration            |       |     1 ||     1
Armor: Leather armour    |     5 |       ||     5
       Ring mail         |    58 |    81 ||   139
Dodge: Dodged            |    90 |   137 ||   227

Table legend:
 A = Non-vault XP
 B = Vault XP
 C = Vault XP percentage of total XP
 D = Non-vault monster count
 E = Vault monster count
 F = Vault count percentage of total count
                 A         B        C        D         E       F
            +---------+---------+-------+---------+---------+-------
      Total |     507 |       0 |   0.0 |      84 |       0 |   0.0
            +---------+---------+-------+---------+---------+-------
        D:1 |      46 |       0 |   0.0 |      28 |       0 |   0.0
        D:2 |      51 |       0 |   0.0 |      16 |       0 |   0.0
        D:3 |     148 |       0 |   0.0 |      29 |       0 |   0.0
        D:4 |     262 |       0 |   0.0 |      11 |       0 |   0.0
            +---------+---------+-------+---------+---------+-------
